 Dungeon Crawl Stone Soup version 0.32-a0-666-ge8a88695a4 (webtiles) character file.

Game seed: 13893490810109136031

238 pokeman the Magician (level 5, 0/29 HPs)
             Began as a Deep Elf Hedge Wizard on Mar 9, 2024.
             Slain by a scorpion (7 damage)
             ... on level 4 of the Dungeon.
             The game lasted 00:03:55 (3416 turns).

pokeman the Magician (Deep Elf Hedge Wizard)        Turns: 3416, Time: 00:03:56

Health: 0/29       AC:  3    Str:  7    XL:     5   Next: 78%
Magic:  8/16       EV: 13    Int: 21    God:
Gold:   157        SH:  0    Dex: 14    Spells: 9/17 levels left

rFire   . . .        a - +0 dagger
rCold   + . .        (no shield)
rNeg    . . .        b - +0 robe
rPois   .            c - +0 hat
rElec   .            (no cloak)
rCorr   .            (no gloves)
SInv    .            r - +0 pair of boots
Will    .....        (no amulet)
Stlth   ++           p - ring of protection from cold
HPRegen 0.24/turn    (no ring)
MPRegen 0.15/turn

%: no passive effects
@: lethally poisoned (0 -> -8)
A: no striking features
a: no special abilities


You were on level 4 of the Dungeon.
You visited 1 branch of the dungeon, and saw 4 of its levels.

You collected 157 gold pieces.

Inventory:

Hand Weapons
 a - a +0 dagger (weapon)
Armour
 b - a +0 robe (worn)
 c - a +0 hat (worn)
 r - a +0 pair of boots (worn)
Magical Staves
 e - a staff of earth
Jewellery
 p - a ring of protection from cold (left hand)
Scrolls
 f - a scroll of fog {unknown}
 g - 3 scrolls of blinking {unknown}
 h - a scroll of immolation {unknown}
 i - 2 scrolls of revelation {unknown}
 j - 4 scrolls of identify {unknown}
 k - 2 scrolls of brand weapon {unknown}
 l - a scroll of enchant armour {unknown}
 q - a scroll of amnesia {unknown}
 t - a scroll of teleportation {unknown}
Potions
 d - a potion of magic
 m - 2 potions of curing {unknown}
 n - 3 potions of heal wounds {unknown}
 o - a potion of enlightenment {unknown}
 s - a potion of cancellation {unknown}
 u - a potion of lignification {unknown}


   Skills:
 - Level 1.0 Fighting
 - Level 1.0 Armour
 - Level 3.2 Dodging
 - Level 3.0 Stealth
 * Level 6.5 Spellcasting
 + Level 2.9 Conjurations
 - Level 1.1 Summonings
 - Level 1.1 Translocations
 + Level 0.4 Air Magic
 + Level 0.1 Earth Magic
 + Level 0.0 Alchemy
 - Level 1.0 Evocations


You had 9 spell levels left.
You knew the following spells:

 Your Spells              Type           Power      Damage    Failure   Level
a - Magic Dart            Conj           76%        1d6       2%          1
b - Mephitic Cloud        Conj/Alch/Air  11%        N/A       17%         3
c - Call Imp              Summ           22%        N/A       9%          2
d - Blink                 Tloc           22%        N/A       9%          2

Your spell library contained the following spells:

 Spells                   Type           Power      Damage    Failure   Level
 Freeze                   Ice            24%        1d4       10%         1
 Slow                     Hex            24%        N/A       10%         1
 Cigotuvi's Dreadful Rot  Necr/Alch/Air  14%        N/A       13%         2
 Hailstorm                Conj/Ice       13%        3d6       16%         3
 Frozen Ramparts          Ice            12%        1d2       28%         3


Dungeon Overview and Level Annotations

Branches:
Dungeon (4/15)
 Temple: D:4-7

Altars:
Ashenzari


Message History

The scorpion stings you.
You are poisoned.
The scorpion poisons you!
Casting: Mephitic Cloud (quite dangerous; 17% risk of failure)
Confirm with . or Enter, or press ? or * to list all spells.
Aiming: Mephitic Cloud (quite dangerous; 17% risk of failure)
Press: ? - help, Shift-Dir - straight line, f/p - scorpion
Aim: a scorpion (moderately wounded, chance to affect: 81%)
The ball explodes into a vile cloud!
The stinking cloud engulfs the scorpion.
The scorpion is moderately wounded.
The stinking cloud engulfs you.
You feel very sick.
You hear a shout!
The scorpion is engulfed in noxious fumes.
The scorpion stings you.
An orc comes into view. It is wielding a +0 flail.
Unknown command.
You hit the scorpion but do no damage.
The scorpion is moderately wounded.
You feel sick.
The scorpion is engulfed in noxious fumes.
The scorpion appears confused.
The scorpion stings you.
You are more poisoned.
The scorpion poisons you!
Unknown command.
You hit the scorpion but do no damage.
The scorpion is moderately wounded.
You feel very sick.
The scorpion is engulfed in noxious fumes.
Unknown command.
You hit the scorpion but do no damage.
The scorpion is moderately wounded.
You feel very sick.
The scorpion is engulfed in noxious fumes.
The scorpion appears confused.
The scorpion stings you.
* * * LOW HITPOINT WARNING * * *
The scorpion is engulfed in noxious fumes.
The scorpion stings you!
You die...

#### #..##
##..(#############
##..............@§#
......###########s#
####.## §# #.# ☼#
#.# §# ##'## o#
##...## ..
##.....## ..
#.......##


You could see a scorpion (confused) and an orc.

Vanquished Creatures
  An ogre (D:3)
  A bombardier beetle (D:3)
  A hound (D:2)
  3 adders (D:2)
  2 dart slugs
  2 ribbon worms (D:3)
  An orc (D:3)
  4 endoplasms
  12 goblins
  4 hobgoblins
  8 ball pythons
  5 bats
  A frilled lizard (D:2)
  4 kobolds
  6 rats
55 creatures vanquished.

Notes
Turn   | Place    | Note
-------+----------+-------------------------------------------
     0 | D:1      | pokeman the Deep Elf Hedge Wizard began the quest for the
                  | Orb.
     0 | D:1      | Reached XP level 1. HP: 10/10 MP: 7/7
   504 | D:1      | Reached XP level 2. HP: 15/15 MP: 5/9
  1438 | D:2      | Reached skill level 5 in Spellcasting
  1438 | D:2      | Reached XP level 3. HP: 13/20 MP: 5/11
  1442 | D:2      | Reached skill level 1 in Fighting
  1442 | D:2      | Reached skill level 1 in Armour
  1446 | D:2      | Learned a level 3 spell: Mephitic Cloud
  1449 | D:2      | Learned a level 2 spell: Call Imp
  1452 | D:2      | Learned a level 2 spell: Blink
  1827 | D:2      | Found a faded altar of an unknown god.
  1946 | D:2      | Reached XP level 4. HP: 25/25 MP: 11/13
  2456 | D:3      | Reached skill level 6 in Spellcasting
  2638 | D:3      | Noticed an ogre
  2642 | D:3      | Reached XP level 5. HP: 29/29 MP: 12/15
  2649 | D:3      | Killed an ogre
  2650 | D:3      | Reached skill level 1 in Evocations
  2816 | D:3      | Found a broken altar of Ashenzari.
  3416 | D:4      | Slain by a scorpion

Illustrated notes

Levels and vault maps discovered:
D:1:      dpeg_arrival_lava_temple_mockup, layout_loops_ring,
          palyth_stone_intersect
D:2:      layout_loops_ring, shapermc_ecumenical_altar_mp_ritualfount,
          minmay_misc_feat_doors
D:3:      layout_rooms, nicolae_ashenzari_panopticon, eino_tiny_chamber,
          chequers_serial_rivers_large_a, nicolae_kite_square_tiling_tiny,
          minmay_ogre_servants
D:4:      wad_woods_stonehenge, layout_loops_corners

Skill      XL: |  1  2  3  4  5 |
---------------+----------------+-----
Spellcasting   | 5 6 |  6.5
Fighting       | 1 |  1.0
Armour         | 1 |  1.0
Conjurations   | 2 |  2.9
Stealth        | 3 |  3.0
Dodging        | 3 |  3.2
Evocations     | 1 |  1.0
Summonings     | |  1.1
Translocations | |  1.1
Air Magic      | |  0.4
Earth Magic    | |  0.1

Action                     |  1- 3 |  4- 6 || total
---------------------------+-------+-------++-------
  Melee: Dagger            |    14 |    13 ||    27
   Cast: Magic Dart        |    72 |    64 ||   136
         Mephitic Cloud    |       |     4 ||     4
   Stab: Confused          |       |     5 ||     5
 Armour: Robe              |    11 |    13 ||    24
  Dodge: Dodged            |    23 |     5 ||    28

Table legend: (Time is in decaauts)
 A = Elapsed time spent in this place.
 B = Non-inter-level travel time spent in this place.
 C = Inter-level travel time spent in this place.
 D = Time resting spent in this place.
 E = Time spent auto-exploring this place.
 F = Levels seen in this place.
 G = Mean time per level.
                   A        B        C        D        E       F      G
               +--------+--------+--------+--------+--------+-----+--------+
         Total |   3427 |   3396 |     31 |      0 |   3099 |   4 |  856.8 |
       Dungeon |   3427 |   3396 |     31 |      0 |   3099 |   4 |  856.8 |
               +--------+--------+--------+--------+--------+-----+--------+

Top non-repeatable levels by time:
     D:1: 1372 daAuts
     D:3: 1007 daAuts
     D:2: 992 daAuts
     D:4: 54 daAuts
